 Dungeon Crawl Stone Soup version 0.21-a0-471-gd587bd5 (webtiles) character file.

2663 ohad the Insei (level 9, -3/69 HPs)
             Began as an Octopode Transmuter on Nov 21, 2017.
             Was a Follower of Cheibriados.
             Slain by an orc
             ... wielding a +0 dagger
              (5 damage)
             ... on level 8 of the Dungeon.
             The game lasted 00:20:07 (8500 turns).

ohad the Insei (Octopode Transmuter)                Turns: 8500, Time: 00:20:08

Health: -3/69      AC:  6    Str: 17    XL:     9   Next: 63%
Magic:  14/14      EV: 12    Int: 21    God:    Cheibriados [*.....]
Gold:   348        SH:  0    Dex: 16    Spells: 1/15 levels left

rFire    x . .     SeeInvis +     - Unarmed
rCold    + + +     Gourm    .   (shield currently unavailable)
rNeg     . . .     Faith    .   (helmet currently unavailable)
rPois    +         Spirit   .   (no amulet)
rElec    .         Reflect  .   f - ring of see invisible
rCorr    .         Harm     .   B - ring of stealth
MR       .....                  (no ring)
Stlth    +++.......             (no ring)
HPRegen  0.21/turn              (no ring)
MPRegen  0.14/turn              (no ring)
                                (no ring)
                                (no ring)

@: mighty, ice-form, very slow
A: almost no armour, stealthy swim, amphibious, 8 rings, (constrict 8)
a: End Transformation, Bend Time, Renounce Religion


You were on level 8 of the Dungeon.
You worshipped Cheibriados.
Cheibriados was aware of your devotion.
You were very hungry.
You were a creature of crystalline ice.
You visited 2 branches of the dungeon, and saw 9 of its levels.

You collected 348 gold pieces.

Inventory:

Hand Weapons
 i - a +0 dagger
 n - a +0 halberd
 y - a +2 scimitar of slicing
Missiles
 a - 73 arrows
 m - 34 sling bullets
 o - a throwing net (quivered)
 t - 86 bolts
 z - 25 poisoned needles
Jewellery
 f - a ring of see invisible (left front paw)
 B - a ring of stealth (right front paw)
Wands
 e - a wand of polymorph (12)
 E - a wand of enslavement (12)
Scrolls
 h - 4 scrolls of teleportation {unknown}
 j - 4 scrolls of amnesia
 l - a scroll of enchant armour {unknown}
 p - 6 scrolls of remove curse
 s - 2 scrolls of fog {unknown}
 v - a scroll of random uselessness {unknown}
Potions
 g - 2 potions of lignification
 r - 2 potions of haste
 u - a potion of cancellation {unknown}
 w - 3 potions of brilliance
 x - a potion of degeneration
 D - a potion of berserk rage {unknown}
 F - a potion of might
Books
 b - a book of Changes

   Spells                             Type                      Level
   a - Beastly Appendage              Transmutation                1
   b - Sticks to Snakes               Transmutation                2
   c - Spider Form                    Transmutation/Poison         3
   d - Ice Form                       Ice/Transmutation            4
   e - Blade Hands                    Transmutation                5
 A - a book of Callings

   Spells                             Type                      Level
   a - Summon Small Mammal            Summoning                    1
   b - Call Imp                       Summoning                    2
   c - Call Canine Familiar           Summoning                    3
   d - Summon Guardian Golem          Hexes/Summoning              3
   e - Summon Lightning Spire         Summoning/Air                4
   f - Summon Ice Beast               Ice/Summoning                4
Comestibles
 c - 6 bread rations
 d - 4 meat rations
 C - a royal jelly


   Skills:
 * Level 4.0 Fighting
 * Level 4.3 Dodging
 - Level 2.0 Stealth
 - Level 7.5 Unarmed Combat
 - Level 3.8 Spellcasting
 - Level 6.6 Transmutations
 - Level 5.2 Ice Magic


You had one spell level left.
You knew the following spells:

 Your Spells              Type           Power        Failure   Level  Hunger
a - Ice Form              Ice/Tmut       ####....     11%         4    ####...
b - Sticks to Snakes      Tmut           ####....     1%          2    #......
c - Spider Form           Tmut/Pois      ###.......   10%         3    ###....
d - Blade Hands           Tmut           ####......   22%         5    ######.


Dungeon Overview and Level Annotations

Branches:
Dungeon (8/15)             Temple (1/1) D:7
   Lair: D:8-11

Altars:
Cheibriados
Gozag
Hepliaklqana
Makhleb
Nemelex Xobeh
Qazlal
Ru
Sif Muna
Trog
Yredelemnul
Zin


Innate Abilities, Weirdness & Mutations

You cannot wear most types of armour.
You are very stealthy in the water. (Stealth+)
You are amphibious.
You can wear up to eight rings at the same time.
((You can use your tentacles to constrict eight enemies at once.))
((Your skin changes colour to match your surroundings (Stealth+).))
((Your rubbery body absorbs attacks. (AC +1, EV +1)))


Message History

* * * LOW HITPOINT WARNING * * *
The orc misses you. The orc hits you with a dagger.
* * * LOW HITPOINT WARNING * * *
The orc closely misses you.
As you read the scroll labeled PEYNONTIUW, it crumbles to dust.
You feel blessed for a moment.
It was a scroll of remove curse.
The orc hits you but does no damage. The orc hits you with a whip.
* * * LOW HITPOINT WARNING * * *
The orc hits you but does no damage. x2
Unknown command.
You pummel the orc!! You freeze the orc.
You kill the orc!
Cheibriados appreciates the change of pace.
The orc barely misses you. x2; The orc hits you but does no damage.
The orc hits you with a hand axe.
* * * LOW HITPOINT WARNING * * *
The orc hits you from afar with a trident.
* * * LOW HITPOINT WARNING * * *
The orc hits you but does no damage. The orc hits you with a dagger.
You die...

##########
#####...o)o..#####
.......oooo..+)..#
..####)##Y..#.#.#
#..$).#.....#.#####
#....o#####.......#
#...oo#......>###.#
#.....#....[..#...#
#######.......###.#
.. #............# #.#
...#............# #.#
...#####'##########.#


You could see 6 orcs.

Vanquished Creatures
  Sigmund (D:4)
  Duvessa (D:6)
  3 orc warriors
  2 ice beasts
  2 sky beasts
  A black bear (D:7)
  A phantom (D:5)
  A centaur (D:7)
  A big kobold (D:7)
  Blork the orc (D:6)
  A bullfrog (D:6)
  Dowan (D:6)
  2 scorpions
  3 wights
  A howler monkey (D:5)
  A bullfrog zombie (D:5)
  2 crimson imps
  5 hounds
  A bullfrog skeleton (D:7)
  2 orc priests
  3 iguanas
  5 orc wizards
  A worker ant (D:5)
  A worker ant zombie (D:5)
  9 gnolls
  9 adders
  A shadow imp (D:7)
  An adder zombie (D:5)
  4 worms
  7 dart slugs
  A leopard gecko (D:5)
  22 orcs
  3 giant cockroaches
  4 goblins
  10 hobgoblins
  17 jackals
  13 kobolds
  6 quokkas
  2 ball pythons
  7 bats
  4 frilled lizards
  12 rats
  A spectral orc (D:6)
176 creatures vanquished.

Vanquished Creatures (collateral kills)
  An ogre (D:5)
  A wight (D:6)
  A jelly (D:4)
  A hobgoblin (D:4)
4 creatures vanquished.

Grand Total: 180 creatures vanquished

Notes
Turn   | Place    | Note
-------+----------+-------------------------------------------
     0 | D:1      | ohad the Octopode Transmuter began the quest for the Orb.
     0 | D:1      | Reached XP level 1. HP: 13/13 MP: 3/3
    47 | D:1      | Reached skill level 1 in Stealth
   268 | D:1      | Reached XP level 2. HP: 17/18 MP: 5/5
   272 | D:1      | Learned a level 2 spell: Sticks to Snakes
   522 | D:1      | Reached XP level 3. HP: 16/23 MP: 6/6
   535 | D:1      | Learned a level 3 spell: Spider Form
  1161 | D:2      | Found a sparkling altar of Nemelex Xobeh.
  1668 | D:2      | Reached XP level 4. HP: 28/28 MP: 3/7
  1853 | D:2      | Reached XP level 5. HP: 18/33 MP: 3/8
  2194 | D:2      | Found a bloodstained altar of Trog.
  2703 | D:3      | Reached skill level 5 in Transmutations
  2984 | D:3      | Found a glowing silver altar of Zin.
  3311 | D:3      | Learned a level 4 spell: Ice Form
  3395 | D:3      | Reached XP level 6. HP: 38/38 MP: 9/9
  3434 | D:3      | Found a faded altar of an unknown god.
  3725 | D:4      | Noticed Sigmund
  4148 | D:4      | Killed Sigmund
  4148 | D:4      | Reached skill level 1 in Ice Magic
  4396 | D:4      | Found a deep blue altar of Sif Muna.
  4579 | D:5      | Entered Level 5 of the Dungeon
  4620 | D:5      | Reached XP level 7. HP: 43/43 MP: 12/12
  5625 | D:5      | Reached XP level 8. HP: 43/48 MP: 13/13
  5658 | D:5      | Learned a level 5 spell: Blade Hands
  5821 | D:6      | Noticed Duvessa
  5876 | D:6      | Noticed Dowan
  5889 | D:6      | Killed Duvessa
  5897 | D:6      | Reached skill level 5 in Ice Magic
  5900 | D:6      | Killed Dowan
  6183 | D:6      | Noticed Blork the orc
  6190 | D:6      | Killed Blork the orc
  6837 | D:6      | Reached skill level 4 in Unarmed Combat
  7073 | D:6      | Found a basalt altar of Yredelemnul.
  7250 | D:7      | Reached skill level 5 in Unarmed Combat
  7250 | D:7      | Reached XP level 9. HP: 57/57 MP: 9/14
  7287 | D:7      | Found a staircase to the Ecumenical Temple.
  7296 | Temple   | Entered the Ecumenical Temple
  7314 | Temple   | Became a worshipper of Cheibriados the Contemplative
  7499 | D:7      | Reached skill level 6 in Unarmed Combat
  7635 | D:7      | Reached skill level 7 in Unarmed Combat
  7760 | D:7      | Reached * piety under Cheibriados
  7830 | D:7      | Found a stormy altar of Qazlal.
  7885 | D:7      | Found a sacrificial altar of Ru.
  8500 | D:8      | HP: 2/69 [orc/trident (5)]
  8500 | D:8      | Slain by an orc

Vault maps used:
D:1:      lightli_arrival_maybe_door_vault
D:2:      bloody_trog, old_standard_altar, first_bread, minmay_pentomino_w2
D:3:      lemuel_coloured_pillars_altar, chequers_ecumenical_altar_twisty,
          minmay_item_behind_shaft
D:4:      nicolae_overflow_hidden_temple, sigmund_army
D:5:      minmay_misc_feat_iff
D:6:      yredelemnul_forgotten_temple_becter, uniq_duvessa, uniq_blork_the_orc
D:7:      kennysheep_mini_moat, hangedman_ru_absence, minmay_temple_entry_mist,
          kennysheep_boxes
D:8:      lemuel_insect_pit, special_room, hangedman_ranch
Temple:   jpeg_temple_clearing

Skill      XL: |  1  2  3  4  5  6  7  8  9 |
---------------+----------------------------+-----
Stealth        | 2 |  2.0
Transmutations | 3 4 5 6 |  6.6
Spellcasting   | 3 |  3.8
Ice Magic      | 2 4 5 |  5.2
Fighting       | 3 4 |  4.0
Dodging        | 3 4 |  4.3
Unarmed Combat | 5 7 |  7.5

Action                   |  1- 3 |  4- 6 |  7- 9 || total
-------------------------+-------+-------+-------++-------
Melee: Unarmed           |    71 |   184 |   264 ||   519
       Constrict         |    17 |    12 |     5 ||    34
       Kick              |    11 |     2 |       ||    13
       Tentacles         |     4 |    12 |     5 ||    21
       Punch             |       |     1 |       ||     1
 Cast: Beastly Appendage |     7 |     3 |       ||    10
       Spider Form       |     3 |    19 |       ||    22
       Sticks to Snakes  |       |     3 |    14 ||    17
       Ice Form          |       |     1 |    28 ||    29
  Use: Scroll            |       |     4 |     4 ||     8
       Potion            |       |       |     4 ||     4
 Stab: Sleeping          |     4 |     5 |     2 ||    11
       Distracted        |       |     1 |       ||     1
  Eat: Royal jelly       |     1 |       |       ||     1
       Chunk             |       |    14 |    15 ||    29
       Fruit             |       |       |     2 ||     2
Armor: Skin              |     4 |    25 |    87 ||   116
Dodge: Dodged            |    53 |   135 |   175 ||   363

Table legend:
 A = Spawn XP
 B = Non-spawn XP
 C = Spawn XP percentage of total XP
 D = Spawn monster count
 E = Non-spawn monster count
 F = Spawn count percentage of total count
 G = Total turns spent on level
                    A         B        C        D         E        F      G
               +---------+---------+-------+---------+---------+-------+---------
         Total |       0 |    3805 |   0.0 |       0 |     180 |   0.0 |  8500
               +---------+---------+-------+---------+---------+-------+---------
           D:1 |       0 |      81 |   0.0 |       0 |      28 |   0.0 |  1641
           D:2 |       0 |     120 |   0.0 |       0 |      34 |   0.0 |  1041
           D:3 |       0 |     124 |   0.0 |       0 |      26 |   0.0 |  1350
           D:4 |       0 |     216 |   0.0 |       0 |       6 |   0.0 |   818
           D:5 |       0 |     830 |   0.0 |       0 |      20 |   0.0 |  1326
           D:6 |       0 |     939 |   0.0 |       0 |      26 |   0.0 |  1053
           D:7 |       0 |    1173 |   0.0 |       0 |      28 |   0.0 |  1113
           D:8 |       0 |     322 |   0.0 |       0 |      12 |   0.0 |   118
               +---------+---------+-------+---------+---------+-------+---------
